Cogmind - Beta 11.1 *** ADVENTURER MODE // 2022.10.14 @ 01:43:24 Player: intrepid Result: Destroyed by D-53 Grenadier with Mini Grenade Launcher Performance ------------- Evolutions (0) 0 Regions Visited (2) 400 Robots Destroyed (21) 105 Value Destroyed (407) 407 Prototype IDs (2) 40 Alien Tech Used (0) 0 Bonus (0) 0 TOTAL SCORE: 952 Bonus ------- None Cogmind --------- Core Integrity 0/250 Matter 264/300 Energy 125/125 System Corruption 1% Temperature Cool (0) Movement Rolling (80) Location -10/Mines Parts ------- > --- POWER (1) -------- Light Ion Engine > --- PROPULSION (2) --- Wheel Flight Unit > --- UTILITY (2) ------ Improved Heat Sink Core Shielding > --- WEAPON (2) ------- Light Cannon Mining Laser > --- INVENTORY (5) ---- Huge Storage Unit Medium Matter Pod (100) Datajack Mace Peak State ------------ > --- POWER ------------ Light Ion Engine > --- PROPULSION ------- Aluminum Leg Wheel > --- UTILITY ---------- Improved Heat Sink Improved Terrain Scanner > --- WEAPON ----------- Assault Rifle Grenade Launcher > --- INVENTORY -------- Heat Sink Seismic Detector Light Assault Rifle Datajack Mining Laser [Rating: 11] Favorites ----------- Power Light Ion Engine Engine Light Ion Engine Propulsion Wheel Leg Aluminum Leg Wheel Wheel Flight Unit Flight Unit Utility Improved Heat Sink Device Improved Heat Sink Protection Core Shielding Weapon Mining Laser Energy Gun Small Laser Ballistic Gun Heavy Assault Rifle Ballistic Cannon Light Cannon Launcher Grenade Launcher Special Weapon Mining Laser Special Melee Weapon Datajack Build | -11 -10 -10 ------- Run | Scr Mat Min Slots Evolved . | . . . Power . | . . . Propulsion . | . . . Utility . | . . . Weapon . | . . . Parts Attached 25 | 12 13 . Power 2 | 1 1 . Engine 2 | 1 1 . Core . | . . . Reactor . | . . . Propulsion 4 | 2 2 . Treads . | . . . Leg 1 | 1 . . Wheel 2 | 1 1 . Hover . | . . . Flight 1 | . 1 . Utility 5 | 3 2 . Device 4 | 3 1 . Storage . | . . . Processor . | . . . Hackware . | . . . Protection 1 | . 1 . Artifact . | . . . Weapon 14 | 6 8 . Energy Gun 2 | 2 . . Energy Cannon . | . . . Ballistic Gun 4 | 2 2 . Ballistic Cannon 1 | . 1 . Launcher 1 | . 1 . Special Weapon 4 | 2 2 . Impact Weapon . | . . . Slashing Weapon . | . . . Piercing Weapon . | . . . Special Melee Weapon 2 | . 2 . Unidentified Prototypes . | . . . Parts Lost 5 | . 5 . Power 1 | . 1 . Propulsion 1 | . 1 . Utility 1 | . 1 . Weapon 2 | . 2 . Highest Loss Streak 2 | . 2 . To Critical Strikes . | . . . Average Slot Usage (%) 96 | . 95 100 Engine 12 | . 12 14 Leg 8 | . 8 . Wheel 12 | . 12 14 Flight 5 | . 5 14 Device 16 | . 17 14 Protection 11 | . 10 14 Ballistic Gun 12 | . 13 . Ballistic Cannon 1 | . . 14 Special Weapon 11 | . 11 14 Naked Turns . | . . . Heaviest Build 10 | 8 10 9 Greatest Support 10 | 10 10 10 Greatest Overweight (x) 2 | . 2 . Average Overweight (x) . | . . . Largest Inventory Capacity 5 | 5 5 5 Average Capacity 5 | 5 5 5 Most Carried 5 | 5 5 4 Average Carried 4 | 3 4 4 Final Capacity 5 | 5 5 5 Final Carried 5 | 5 4 4 Class Distribution -------------------- 88% | Mutant 11% | Scavenger-Mutant Dominant Class ---------------- Mutant | -10/Materials Mutant | -10/Mines Resources | -11 -10 -10 ----------- Run | Scr Mat Min Matter Collected 680 | 322 358 . Remotely . | . . . Salvage Created 611 | 128 483 . Parts 47 | 15 32 . Haulers Intercepted . | . . . Recyclers Shooed . | . . . Parts Field Recycled . | . . . Retrieved Matter . | . . . Parts Self-Destructed . | . . . Prevented . | . . . Kills | -11 -10 -10 ------- Run | Scr Mat Min Combat Hostiles Destroyed 10 | 1 9 . Guns 9 | 1 8 . AOE 1 | . 1 . Classes Destroyed 7 | 3 4 . Worker 2 | 1 1 . Builder 1 | . 1 . Tunneler 4 | 4 . . Recycler 1 | . 1 . Watcher 3 | . 3 . Swarmer 2 | . 2 . Grunt 8 | 1 7 . Best Kill Streak 4 | 1 4 . Combat Bots Only 4 | 1 4 . Max Kills in Single Turn 1 | 1 1 . Gunslinging . | . . . Exploded 1 | . 1 . Melee . | . . . Uniques/NPCs Destroyed . | . . . Combat | -11 -10 -10 -------- Run | Scr Mat Min Damage Taken 693 | 41 614 38 Core 250 | 8 222 20 Absorbed by Shields . | . . . Redirected to Shielding 8 | . 4 4 Core Remaining (%) 96 | 96 . . Volleys Fired 108 | 18 89 1 Largest 2 | 2 2 1 Hottest 120 | 120 120 35 Shots Fired 111 | 19 90 2 Gun 100 | 17 83 . Cannon 2 | . . 2 Launcher 3 | . 3 . Special 6 | 2 4 . Kinetic 89 | 4 83 2 Thermal 19 | 15 4 . Explosive 3 | . 3 . Electromagnetic . | . . . Robot Hit Streak 29 | 4 29 . Robot Miss Streak 3 | 1 3 1 Penetration Max . | . . . Secondary Targets . | . . . Shots Hit Robots 72 | 9 63 . Core Hits 35 | 7 28 . Critical Kills 1 | . 1 . Critical Parts Destroyed 1 | . 1 . Critical Strikes 2 | . 2 . Destroy 2 | . 2 . Melee Attacks . | . . . Impact . | . . . Slashing . | . . . Piercing . | . . . Sneak Attacks . | . . . Combat Hostiles . | . . . Follow-up Attacks . | . . . Damage Inflicted 889 | 102 787 . Guns 721 | 102 619 . Cannons . | . . . Explosions 141 | . 141 . Melee . | . . . Ramming 3 | . 3 . Kinetic 643 | 24 619 . Thermal 102 | 78 24 . Explosive 141 | . 141 . Electromagnetic . | . . . Impact . | . . . Slashing . | . . . Piercing . | . . . Highest Corruption 1 | . 1 1 Average Corruption 1 | . 1 1 Corruption Purged . | . . . Corruption Blocked . | . . . Effects 6 | . 4 2 Matter Fused 2 | . 2 . Heat Flow Errors 1 | . 1 . Data Loss (minor) 2 | . 1 1 Misfires 1 | . . 1 Overload Shots . | . . . Overflow Damage . | . . . Projectiles . | . . . Explosions . | . . . Melee . | . . . Knockbacks . | . . . Impact . | . . . Kinetic . | . . . Secondary . | . . . Self-Inflicted Damage 1 | . 1 . Shots . | . . . Rammed 3 | . 3 . Targets Rammed 3 | . 3 . Kicked . | . . . Crushed . | . . . Highest Temperature 240 | . 240 . Average Temperature 126 | . 126 . Received Heat Transfer 423 | 30 393 . Siege Activations . | . . . Robots Corrupted . | . . . Combat Hostiles . | . . . Parts Fried . | . . . Impact Corruptions . | . . . Robots Melted . | . . . Combat Hostiles . | . . . Parts Melted . | . . . Heat Transferred 225 | 175 50 . Parts Sabotaged . | . . . Parts Stolen . | . . . Parts Stripped . | . . . Power Chain Reactions . | . . . Missiles Intercepted . | . . . Alert | -11 -10 -10 ------- Run | Scr Mat Min Peak Influence 270 | 40 270 . Initial 2 | . 2 . Average 54 | 15 67 . Maximum Alert Level 1 | . 1 . Low Security (%) 88 | 100 84 100 Level 1 11 | . 15 . Level 2 . | . . . Level 3 . | . . . Level 4 . | . . . Level 5 . | . . . High Security . | . . . Max Security . | . . . Squads Dispatched 4 | . 4 . Investigation 4 | . 4 . Extermination . | . . . Reinforcement . | . . . Assault . | . . . Garrison . | . . . Intercept . | . . . Searches Triggered . | . . . Construction Impeded . | . . . Haulers Reinforced . | . . . Active Scanning Responses . | . . . Cargo Convoy Interrupts . | . . . Stealth | -11 -10 -10 --------- Run | Scr Mat Min Distress Signals 1 | . 1 . Communications Jammed . | . . . Distress Signals . | . . . Times Spotted 24 | 1 22 1 Peak Tracking Total 5 | 1 5 1 Tactical Retreats 2 | . 2 . Traps | -11 -10 -10 ------- Run | Scr Mat Min Traps Triggered 3 | . 3 . Indirectly . | . . . Trap Hack Attempts . | . . . Triggered . | . . . Disarmed . | . . . Reprogrammed . | . . . Reused . | . . . Traps Extracted . | . . . Installed . | . . . Triggered . | . . . Machines | -11 -10 -10 ---------- Run | Scr Mat Min Machines Disabled . | . . . Max in Single Turn . | . . . Machines Sabotaged . | . . . Garrisons Compromised . | . . . Overloaded Fab Kills . | . . . Hacking | -11 -10 -10 --------- Run | Scr Mat Min Machines Accessed 5 | . 5 . Terminals 4 | . 4 . Fabricators . | . . . Repair Stations . | . . . Recycling Units 1 | . 1 . Scanalyzers . | . . . Garrison Access . | . . . Total Hacks 13 | . 13 . Successful 11 | . 11 . Failed 2 | . 2 . Catastrophic . | . . . Database Lockouts . | . . . Manual 2 | . 2 . Terminals 9 | . 9 . Fabricators . | . . . Repair Stations . | . . . Recycling Units 4 | . 4 . Scanalyzers . | . . . Garrison Access . | . . . Terminal Hacks 7 | . 7 . Record 3 | . 3 . Prototype ID Bank 1 | . 1 . Emergency Access Points 1 | . 1 . Assault Status 1 | . 1 . Zone Layout 1 | . 1 . Fabricator Hacks . | . . . Repair Station Hacks . | . . . Recycling Unit Hacks 4 | . 4 . Recycle Component 1 | . 1 . Process 1 | . 1 . Report Inventory 2 | . 2 . Scanalyzer . | . . . Garrison Access Hacks . | . . . Unauthorized Hacks . | . . . Terminals . | . . . Fabricators . | . . . Repair Stations . | . . . Recycling Units . | . . . Scanalyzers . | . . . Garrison Access . | . . . Data Cores Recovered . | . . . Used . | . . . Hacking Detections 4 | . 4 . Full Trace Events 4 | . 4 . Feedback Events . | . . . Feedback Blocked . | . . . Robot Schematics Acquired . | . . . Robots Built . | . . . Authchips . | . . . Time . | . . . Total Robot Build Rating . | . . . Part Schematics Acquired . | . . . Parts Built . | . . . Authchips . | . . . Time . | . . . Total Part Build Rating . | . . . Parts Repaired . | . . . Time . | . . . Parts Recycled 1 | . 1 . Recycled Matter 107 | . 107 . Retrieved Matter . | . . . Retrieved Components . | . . . Parts Scanalyzed . | . . . Part Schematics Acquired . | . . . Parts Damaged . | . . . Bothacking | -11 -10 -10 ------------ Run | Scr Mat Min Used RIF Installer . | . . . Robots Hacked . | . . . Non-combat . | . . . Combat . | . . . Robot Hacks Applied . | . . . Relay Couplers Released . | . . . Fabnet Peak Effective % . | . . . Robots Rewired . | . . . Allies Hacked . | . . . Hacks Repelled . | . . . Allies | -11 -10 -10 -------- Run | Scr Mat Min Total Allies . | . . . Largest Group . | . . . Highest-Rated Group . | . . . Highest-Rated Ally . | . . . Total Orders . | . . . Ally Attacks . | . . . Total Damage . | . . . Kills . | . . . Allies Corrupted . | . . . Allies Melted . | . . . Intel | -11 -10 -10 ------- Run | Scr Mat Min Robot Analysis Total . | . . . Derelict Logs Recovered . | . . . Drone Launches . | . . . Drone Recoveries . | . . . Exploration | -11 -10 -10 ------------- Run | Scr Mat Min Turns Passed 2652 | 541 2030 81 Spaces Moved 1895 | 404 1398 93 Core 29 | 29 . . Treads . | . . . Legs 1160 | 370 790 . Wheels 422 | 5 324 93 Hover . | . . . Flight 284 | . 284 . Fastest Speed 50 | 50 80 80 Average Speed 122 | 114 127 80 Slowest Speed 205 | 120 205 80 Overloaded Moves . | . . . Propulsion Burnouts . | . . . Robots Hopped . | . . . Cave-ins Triggered . | . . . Exploration Rate (%) 44 | 12 94 28 Regions Visited 2 Branch Regions 1 Pre-discovered Areas . | . . . Known Exits Taken . | . . . Unknown Exits Taken 2 | 1 1 . Scrap Searched . | . . . Spaces Dug 3 | . 3 . Terrain Destroyed 38 | 1 37 . Melee . | . . . Projectile 4 | 1 3 . AOE 34 | . 34 . Terrain Rammed . | . . . Walls Destroyed . | . . . Machines Disabled . | . . . Actions | -11 -10 -10 --------- Run | Scr Mat Min Total 2115 | 462 1554 99 Wait 34 | 7 22 5 Move 1893 | 403 1397 93 Hop . | . . . Pick Up 32 | 16 16 . Fast Attach 1 | . 1 . Attach 19 | 10 9 . Detach 2 | 1 1 . Swap 5 | 2 3 . Drop 18 | 5 13 . Fire 108 | 18 89 1 Melee . | . . . Ram 3 | . 3 . Kick . | . . . Crush . | . . . Escape Stasis . | . . . Rewire . | . . . Trap . | . . . Miscellaneous . | . . . Route ------- -11/Scrapyard -10/Materials (discovered 4 exits: [*Mat x3] / [*Min]) -10/Mines (discovered 1 exit: [*Mat]) History --------- Turn | Location | Event 2 | -11/Scrapyard | Met Revision 17 107 | -11/Scrapyard | Discovered new exit (range 8) 542 | -11/Scrapyard | Entered Materials 543 | -10/Materials | Build established: Mutant 928 | -10/Materials | Core integrity fell below 50% 982 | -10/Materials | Core integrity fell below 20% 1342 | -10/Materials | Discovered new exit (range 8) 1448 | -10/Materials | Build established: Scavenger-Mutant 1684 | -10/Materials | Discovered new exit (range 14) 1749 | -10/Materials | Build established: Mutant 1753 | -10/Materials | Discovered new exit (range 15) 2101 | -10/Materials | Discovered new exit (range 14) 2572 | -10/Materials | Entered Mines 2586 | -10/Mines | Met a Derelict bent on vengeance 2619 | -10/Mines | Assembled infested the area 2624 | -10/Mines | Assisted by a Guerilla fighting off Assembled 2644 | -10/Mines | Discovered new exit (range 12) 2653 | -10/Mines | Destroyed by D-53 Grenadier with Mini Grenade Launcher Last Messages --------------- M8-VQK(g): "Well, at least you look like you can take care of yourself!" M8-VQK(g): "I have the funny feeling that things are about to get a lot worse around here, see you around!" M8-VQK(g) slips back into the shadows. System corrupted: FCS attempts to trigger Lgt. Cannon. System corrupted: Lgt. Cannon misfires. ALERT: Infestation in the mines, dispatching Demolisher response squad. A derelict emerges from the shadows: "You need to get out of here! I've been tracking a group of Assembled to figure out where they're coming from, and they're closing on this area, come on!" U-05 Engineer lays Concrete. EXIT=FOUND HV Slug penetrates Wall. K-01 Serf collects debris. HV Slug penetrates Wall. System corrupted: Component data lost. D-53 Grenadier knocked back. K-01 Serf collects debris. 3U-E44(h) destroyed. [Achievement: First Step to Greatness] Map ----- +----------------------------------------------------+ | ??????????????????????????????????????????? | | ??????????????????????????????????????????? | | ??????????????????????????????????????????? | | ??????????????????????????????????????????? | | ??????????????????????????????????????????? | | ??????????????????????????????????????????? | | ??????????????????????????????????????????? | | ??????????????????????????????????????????? | | ??????????????????????????????????????????? | | ??????????????????????????????????????????? | | ??????????????????????????????????????????? | | ??????????????????????????????????????????? | | ??????????????????????????????????????????? | | ??????????????????????????????????????????? | | ??????????????????????????????????????????? | | ??????????????????????????????#######?????? | | ?????????????????????????????? ##????? | | ????????????????????????????? #????? | | ????????????????????????????? #?????? | | #??????????????????????###### #?????? | | ??????????????????????# #?????? | | ??????????????????????# #?????? | | #?????????????????????# #??????? | | #???????????????####### % #???????? | | #???????????????# % #???????? | | #???????????????# @ < #????????? | | #???????????????# ## r ##????????? | | #???????????????# ## ; #?????????? | | #???????????????# ### # ##?????????? | | #????????######## #?## ## % # #????????? | | #???????## #??# #? d #???????? | | #???????# #####??# #? # #k# ??????? | | #???????# #??????# ! !????? | | #???????## ##??????### # ! ????? | | #????????# ##?????????? % # !!!????? | | ##???????## ##??????????? !?????? | | ???????### ##??????????? ????? | | ????#### ###????????? % < ? ?????? | | ???## ##????????? ??????? | | #### #?????????? ??????? | | #?????????? ??????? | | #??????????? #"#???????? | | ## ##???????????##?#???????? | | # ##?###???????????????????????? | | ## ##????????????????????????????? | | ?### ##?????????????????????????????? | | ???#########??????????????????????????????? | | ??????????????????????????????????????????? | | ??????????????????????????????????????????? | | #?????????????????????????????????????????? | +----------------------------------------------------+ Best States ------------- Heat Dissipation 39 Energy Generation 10 Energy Capacity 125 Matter Stores 300 Matter Capacity 300 Sight Range 16 Terrain Scan Range 16 Terrain Scan Density 10 Resistance: KI 20 Resistance: TH 20 Resistance: EX 20 Resistance: EM 20 Resistance: I 20 Resistance: S 20 Resistance: P 20 Core Shielding 20 Evasion (%) 55 Offensive Hacking 10 Item Schematics ----------------- None Robot Schematics ------------------ None Fabricated ------------ Nothing Alien Tech Used ----------------- None Achievements -------------- Crack Shot First Step to Greatness One Hack Too Far Challenges ------------ None Game ------ Seed FlakHypercooledMapper Manual? 0 Play Time 01:04:25 Cumulative 2.0 hours Start 2022.10.14 @ 00:23:42 End 2022.10.14 @ 01:43:24 Sessions 1 Manual Loads 0 Difficulty Adventurer Special Mode None Game No. 1 Rogue 0 Adventurer 1 Explorer 0 Win Type - Total 0 Types 0/0/0/0/0/0/0/0/0 Lore% 0 Gallery% 1 Achievement% 1 Wizard Run 0 Options --------- ASCII 0 Keyboard 0 Movement Mouse Keybinds 0 Fullscreen 1 Font 18/SmallcapsGlow Map View 76x50 Tactical HUD 0 Map Filters NONE Filters NONE Steam 1 RUN: ef4caa1d-8a6d-4c20-9b66-a764b4d1bc68